 Dungeon Crawl Stone Soup version 0.22-a0-448-g1fb7470005 (webtiles) character file.

48 Kriby the Poker (level 3, 0/28 HPs)
             Began as a Merfolk Skald on June 4, 2018.
             Succumbed to an adder's poison
             ... on level 2 of the Dungeon.
             The game lasted 00:01:39 (1268 turns).

Kriby the Poker (Merfolk Skald)                     Turns: 1268, Time: 00:01:40

Health: 0/28       AC:  4    Str: 14 (16) XL:     3   Next: 72%
Magic:  6/6        EV: 12    Int: 11 (12) God:
Gold:   46         SH:  0    Dex: 10 (13) Spells: 5/6 levels left

rFire    . . .     SeeInvis .   a - +0 spear
rCold    . . .     Gourm    .   (no shield)
rNeg     . . .     Faith    .   b - +0 leather armour
rPois    .         Spirit   .   (no helmet)
rElec    .         Reflect  .   (no cloak)
rCorr    .         Harm     .   j - +0 pair of gloves
MR       .....                  (no boots)
Stlth    +.........             (no amulet)
HPRegen  0.09/turn              g - +4 ring of strength
MPRegen  0.10/turn              (no ring)

@: lethally poisoned (0 -> -2), very slightly contaminated
A: change form in water, swift swim, stealthy swim
a: no special abilities


You were on level 2 of the Dungeon.
You were completely stuffed.

You visited 1 branch of the dungeon, and saw 2 of its levels.

You collected 46 gold pieces.

Inventory:

Hand Weapons
 a - a +0 spear (weapon)
Armour
 b - a +0 leather armour (worn)
 j - a +0 pair of gloves (worn)
Jewellery
 g - a +4 ring of strength (left hand)
Scrolls
 e - a scroll of identify {@r1}
 i - a scroll of teleportation {@r3}
Comestibles
 c - a chunk of flesh


   Skills:
 - Level 2.3 Fighting
 + Level 5.7 Polearms
 - Level 0.6 Armour
 - Level 2.6 Dodging
 - Level 2.0 Spellcasting
 - Level 3.2 Charms


You had 5 spell levels left.
You knew the following spells:

 Your Spells              Type           Power        Failure   Level  Hunger
a - Infusion              Chrm           #...         10%         1    ##.....

Your spell library contained the following spells:

 Spells                   Type           Power        Failure   Level  Hunger
 Regeneration             Chrm/Necr      #.........   50%         3    ####...
 Shroud of Golubria       Chrm/Tloc      #.........   28%         2    ###....
 Song of Slaying          Chrm           #.......     14%         2    ###....
 Spectral Weapon          Hex/Chrm       #.......     50%         3    ####...


Dungeon Overview and Level Annotations

Branches:
Dungeon (2/15)

Altars:


Message History

* * * LOW HITPOINT WARNING * * *
You feel sick.
As you read the scroll labeled OKKAULAOJE, it crumbles to dust.
You feel blessed for a moment.
It was a scroll of remove curse.
You eat one of the 3 rations {@e1}.
That ration really hit the spot!
You eat one of the 2 rations {@e1}.
That ration really hit the spot!
* * * LOW HITPOINT WARNING * * *
You feel sick.
You eat the ration {@e1}.
That ration really hit the spot!
You're too full to eat anything.
You aren't carrying any potions.
Put on which piece of jewellery? (? for menu, Esc to quit)
You feel stronger.
g - a +4 ring of strength (left hand)
As you read the scroll of teleportation {@r3}, it crumbles to dust.
You feel strangely unstable.
* * * LOW HITPOINT WARNING * * *
You feel sick.
Your surroundings suddenly seem different.
You die...

,,,,,,,* ,,,,,,,*
,,,,,,,*** ,,,,,,,..#*
,,,,,,,*..* ,,,,,,,*#.##
********#..# ##### *#.##
#...# ##..###.@.#
#.........# #.........#
#########.........########*
.................>'.......*
###########...#...#######.*
*,,,,,,,,+...+..........,*
*,*******#...#.#########**
*,* #...#ยง#


There were no monsters in sight!

Vanquished Creatures
  An adder (D:2)
  An ooze (D:1)
  A worm (D:2)
  2 dart slugs (D:1)
  2 bats
  A giant cockroach (D:1)
  3 goblins (D:1)
  4 hobgoblins (D:1)
  4 jackals (D:1)
  3 kobolds (D:1)
  3 frilled lizards
  A rat (D:2)
26 creatures vanquished.

Notes
Turn   | Place    | Note
-------+----------+-------------------------------------------
     0 | D:1      | Kriby the Merfolk Skald began the quest for the Orb.
     0 | D:1      | Reached XP level 1. HP: 16/16 MP: 3/3
   214 | D:1      | Reached skill level 4 in Polearms
   214 | D:1      | Reached XP level 2. HP: 13/23 MP: 5/5
   710 | D:1      | Reached XP level 3. HP: 28/28 MP: 6/6
   755 | D:1      | Reached skill level 5 in Polearms
  1259 | D:2      | HP: 1/28 [poisoned by an adder]
  1264 | D:2      | HP: 1/28 [poisoned by an adder]
  1268 | D:2      | Succumbed to an adder's poison

Vault maps used:
D:1:      evilmike_arrival_hilbert_curve, minmay_crystal_water

Skill      XL: |  1  2  3 |
---------------+----------+-----
Polearms       | 4 5 |  5.7
Fighting       | |  2.3
Armour         | |  0.6
Dodging        | |  2.6
Spellcasting   | |  2.0
Charms         | |  3.2

Action                   || total
-------------------------++-------
Melee: Spear             ||   144
  Use: Scroll            ||     7
       Potion            ||     1
 Stab: Sleeping          ||     1
  Eat: Ration            ||     3
       Chunk             ||     1
Armor: Leather armour    ||    17
Dodge: Dodged            ||    60

Table legend:
 A = Spawn XP
 B = Non-spawn XP
 C = Spawn XP percentage of total XP
 D = Spawn monster count
 E = Non-spawn monster count
 F = Spawn count percentage of total count
 G = Total turns spent on level
                    A         B        C        D         E        F      G
               +---------+---------+-------+---------+---------+-------+---------
         Total |       0 |      69 |   0.0 |       0 |      26 |   0.0 |  1268
               +---------+---------+-------+---------+---------+-------+---------
           D:1 |       0 |      47 |   0.0 |       0 |      21 |   0.0 |   992
           D:2 |       0 |      22 |   0.0 |       0 |       5 |   0.0 |   276
               +---------+---------+-------+---------+---------+-------+---------
